 Dungeon Crawl Stone Soup version 0.28.0-53-g5a82cb258f (webtiles) character file.

Game seed: 5347187894658923931

111 raph the Poker (level 4, -1/33 HPs)
             Began as a Merfolk Gladiator on June 27, 2022.
             Slain by an orc
             ... wielding a +0 whip
              (3 damage)
             ... on level 3 of the Dungeon.
             The game lasted 00:02:12 (1376 turns).

raph the Poker (Merfolk Gladiator)                  Turns: 1376, Time: 00:02:13

Health: -1/33      AC:  4    Str: 14    XL:     4   Next: 92%
Magic:  4/4        EV: 13    Int:  7    God:
Gold:   63         SH:  0    Dex: 17    Spells: 3/3 levels left

rFire   . . .      SeeInvis .   a - +0 trident
rCold   . . .      Faith    .   (no shield)
rNeg    . . .      Spirit   .   b - +0 leather armour
rPois   .          Reflect  .   c - +0 helmet
rElec   .          Harm     .   (no cloak)
rCorr   .          Rampage  .   (no gloves)
Will    .....                   (no boots)
Stlth   +.........              (no amulet)
HPRegen 0.11/turn               (no ring)
MPRegen 0.09/turn               (no ring)

@: no status effects
A: (nimble swimmer 2), mertail
a: no special abilities


You were on level 3 of the Dungeon.
You visited 1 branch of the dungeon, and saw 3 of its levels.

You collected 63 gold pieces.

Inventory:

Hand Weapons
 a - a +0 trident (weapon)
Missiles
 d - 2 throwing nets (quivered)
Armour
 b - a +0 leather armour (worn)
 c - a +0 helmet (worn)
Scrolls
 e - a scroll of teleportation {unknown}
 f - 3 scrolls of identify {unknown}
 g - 2 scrolls of fear {unknown}
 h - a scroll of blinking {unknown}
 i - a scroll of immolation {unknown}
 j - a scroll of noise {unknown}


   Skills:
 - Level 2.1 Fighting
 + Level 7.9 Polearms
 - Level 2.0 Throwing
 - Level 4.0 Dodging


You had 3 spell levels left.
You didn't know any spells.
Your spell library contained the following spells:

 Spells                   Type           Power      Damage    Failure   Level
 Corpse Rot               Necr/Air       0%         N/A       65%         2
 Poisonous Vapours        Pois/Air       0%         N/A       65%         2


Dungeon Overview and Level Annotations

Branches:
Dungeon (3/15)

Altars:

Annotations:
D:2 Sigmund


Innate Abilities, Weirdness & Mutations

((You are very nimble when in or above water. (Stealth+, EV+, Speed+++)))
Your lower body shifts to a powerful aquatic tail in water.


Message History

You hit the orc.
The orc is severely wounded.
The orc hits you with a +0 hand axe!
You are too injured to fight recklessly!
You are too injured to fight recklessly!
You are too injured to fight recklessly!
You are too injured to fight recklessly!
You are too injured to fight recklessly!
You are too injured to fight recklessly!
You are too injured to fight recklessly!
You hit the orc.
You kill the orc!
You puncture the orc!
You kill the orc!
The orc misses you.
Items here: )) [ ††.
You hit the orc.
The orc is almost dead.
The orc hits you with a +0 whip.
* * * LOW HITPOINT WARNING * * *
You barely miss the orc.
The orc is almost dead.
The orc closely misses you.
You barely miss the orc.
The orc is almost dead.
The goblin hits you with a +0 club.
* * * LOW HITPOINT WARNING * * *
The orc closely misses you.
You hit the orc but do no damage.
The orc is almost dead.
The goblin closely misses you. The orc closely misses you.
You closely miss the orc.
The orc is almost dead.
The goblin closely misses you. The orc barely misses you.
You closely miss the orc.
The orc is almost dead.
The goblin hits you with a +0 club.
* * * LOW HITPOINT WARNING * * *
The orc hits you with a +0 whip.
You die...

... #.#... .#
....####...# ...
#.......# ..##
##.....##....g
###..##.).o.#
......†..####
######.#..##
..........#######
####..#.<..o@g..#
....##.######..$....
........# ...###.
...###... ..(.. ..#
##.# ###.... .. ...
♣.#. ... ... .. ..


You could see an orc and a goblin.

Vanquished Creatures
  A hound (D:2)
  An orc priest (D:3)
  2 dart slugs (D:1)
  3 orcs (D:3)
  5 bats
  4 endoplasms
  2 giant cockroaches
  5 goblins
  4 hobgoblins
  4 quokkas
  2 ball pythons
  2 frilled lizards (D:1)
  4 kobolds (D:1)
  5 rats
44 creatures vanquished.

Notes
Turn   | Place    | Note
-------+----------+-------------------------------------------
     0 | D:1      | raph the Merfolk Gladiator began the quest for the Orb.
     0 | D:1      | Reached XP level 1. HP: 16/16 MP: 1/1
    64 | D:1      | Reached skill level 5 in Polearms
    64 | D:1      | Reached XP level 2. HP: 12/22 MP: 2/2
   456 | D:1      | Reached skill level 6 in Polearms
   456 | D:1      | Reached XP level 3. HP: 27/27 MP: 3/3
   920 | D:2      | Found a faded altar of an unknown god.
  1160 | D:2      | Noticed Sigmund
  1200 | D:2      | Reached skill level 7 in Polearms
  1200 | D:2      | Reached XP level 4. HP: 29/33 MP: 4/4
  1376 | D:3      | Slain by an orc

Illustrated notes

Levels and vault maps discovered:
D:1:      co_arrival_random_square_maze, layout_rooms
D:2:      minmay_wonky_spiral, layout_basic, hellmonk_ecumenical_altar_zigzags,
          uniq_sigmund
D:3:      layout_rooms, serial_forest, infiniplex_forest_straight_1,
          infiniplex_forest_lined_corner, infiniplex_forest_lined_room_3,
          infiniplex_forest_zigzag_1, infiniplex_forest_straight_5,
          infiniplex_forest_zigzag_1

Skill      XL: |  1  2  3 |
---------------+----------+-----
Polearms       | 5 6 7 |  7.9
Fighting       | |  2.1
Throwing       | |  2.0
Dodging        | |  4.0

Action                   |  1- 3 |  4- 6 || total
-------------------------+-------+-------++-------
Melee: Trident           |    98 |    28 ||   126
       Punch             |     1 |       ||     1
Throw: Throwing net      |       |     1 ||     1
 Stab: Sleeping          |     6 |       ||     6
Armor: Leather armour    |    30 |     2 ||    32
Dodge: Dodged            |    40 |    14 ||    54
